 Dungeon Crawl Stone Soup version 0.27-a0-984-g00e00afbbc (webtiles) character file.

Game seed: 17429259670975186351

28 Morbidden the Skirmisher (level 3, -2/29 HPs)
             Began as a Demonspawn Fighter on Apr 15, 2021.
             Succumbed to a killer bee's poison
             ... on level 2 of the Dungeon.
             The game lasted 00:00:50 (1059 turns).

Morbidden the Skirmisher (Demonspawn Fighter)       Turns: 1059, Time: 00:00:50

Health: -2/29      AC:  8    Str: 16    XL:     3   Next: 0%
Magic:  3/3        EV:  7    Int: 10    God:
Gold:   93         SH:  8    Dex: 12    Spells: 2/2 levels left

rFire    . . .     SeeInvis .   a - +0 long sword
rCold    . . .     Faith    .   c - +0 kite shield
rNeg     . . .     Spirit   .   b - +0 scale mail
rPois    .         Reflect  .   (no helmet)
rElec    .         Harm     .   (no cloak)
rCorr    .         Rampage  .   (no gloves)
Will     .....                  (no boots)
Stlth    ..........             (no amulet)
HPRegen  0.09/turn              (no ring)
MPRegen  0.16/turn              (no ring)

@: mighty, lethally poisoned (-2 -> -14), hasted, very quick
A: thin metallic scales 1, magic regeneration
a: no special abilities


You were on level 2 of the Dungeon.
You visited 1 branch of the dungeon, and saw 2 of its levels.

You collected 93 gold pieces.

Inventory:

Hand Weapons
 a - a +0 long sword (weapon)
Armour
 b - a +0 scale mail (worn)
 c - a +0 kite shield (worn)
Scrolls
 f - a scroll of silence {unknown}
 h - a scroll of holy word {unknown}
 i - a scroll of identify {unknown}


   Skills:
 * Level 3.3 Fighting
 + Level 2.1 Long Blades
 + Level 3.0 Armour
 + Level 0.4 Dodging
 + Level 2.9 Shields


You had 2 spell levels left.
You didn't know any spells.
Your spell library contained the following spells:

 Spells                   Type           Power      Damage    Failure   Level
 Corona                   Hex            0%         N/A       100%        1
 Ensorcelled Hibernation  Hex/Ice        0%         N/A       100%        2
 Confusing Touch          Hex            0%         N/A       100%        3
 Dazzling Flash           Conj/Hex       0%         N/A       100%        3
 Tukima's Dance           Hex            0%         N/A       100%        3


Dungeon Overview and Level Annotations

Branches:
Dungeon (2/15)

Altars:


Innate Abilities, Weirdness & Mutations

You are partially covered in thin metallic scales. (AC +2)
You regenerate magic rapidly.


Message History

The killer bee closely misses you. The goblin hits you but does no damage.
Unknown command.
You feel very mighty all of a sudden.
You feel sick. The killer bee stings you.
You are lethally poisoned!
The killer bee poisons you! The goblin hits you with a +0 club.
* * * LOW HITPOINT WARNING * * *
You block the killer bee's attack.
Unknown command.
It was a potion of heal wounds.
You feel much better.
You feel sick.
The orc warrior hits you from afar with a +0 glaive.
The killer bee closely misses you.
You hit the killer bee.
The killer bee is moderately wounded.
You feel very sick. The killer bee closely misses you.
You riposte.
You barely miss the killer bee.
The killer bee is moderately wounded.
You block the goblin's attack. You block the orc warrior's attack.
The killer bee stings you.
You are lethally poisoned!
The killer bee poisons you!
You closely miss the killer bee.
The killer bee is moderately wounded.
You feel very sick. You block the killer bee's attack.
The goblin hits you but does no damage.
The orc warrior hits you from afar with a +0 glaive.
* * * LOW HITPOINT WARNING * * *
Your shield and scale mail prevent you from hitting the killer bee.
The killer bee is moderately wounded.
* * * LOW HITPOINT WARNING * * *
You feel very sick. The killer bee barely misses you.
The killer bee closely misses you.
You riposte.
You closely miss the killer bee.
The killer bee is moderately wounded.
The goblin hits you with a +0 club.
* * * LOW HITPOINT WARNING * * *
You block the orc warrior's attack.
You slash the goblin!
You kill the goblin!
You die...

##.##### #.#
.......# #.#
##.###.##### ###
#####.# #..##.##..
..# #......
##..##.##.# #.#
#.###.#
.......##.# #.#
#.#
..........######.#
#..
......#+#.....##)#
#.. ...#.##
##.##.##@# ###
.#...# #†...##y#
.#..## ##....oS#
.#+. #.#o#### ..
#.r.# ..
#######o.######
......#r......#
.....r'.†#.##.#
......#........


You could see an orc warrior, a killer bee and an adder.

Vanquished Creatures
  A worm (D:2)
  A ball python (D:1)
  3 endoplasms
  A giant cockroach (D:1)
  3 goblins
  3 hobgoblins (D:1)
  2 quokkas (D:1)
  4 bats
  4 kobolds
  2 rats
24 creatures vanquished.

Notes
Turn   | Place    | Note
-------+----------+-------------------------------------------
     0 | D:1      | Morbidden the Demonspawn Fighter began the quest for the
                  | Orb.
     0 | D:1      | Reached XP level 1. HP: 18/18 MP: 1/1
   314 | D:1      | Gained mutation: You regenerate magic rapidly. [demonic
                  | ancestry]
   314 | D:1      | Reached XP level 2. HP: 24/24 MP: 2/2
   758 | D:2      | Found a faded altar of an unknown god.
  1041 | D:2      | Noticed a killer bee
  1041 | D:2      | Noticed an orc warrior
  1045 | D:2      | Gained mutation: You are partially covered in thin metallic
                  | scales. (AC +2) [demonic ancestry]
  1045 | D:2      | Reached XP level 3. HP: 26/29 MP: 3/3
  1058 | D:2      | HP: 1/29 [goblin/+0 club (1)]
  1059 | D:2      | Succumbed to a killer bee's poison

Illustrated notes

Levels and vault maps discovered:
D:1:      lightli_arrival_statuegarden, layout_rooms
D:2:      layout_loops_corners, shapermc_ecumenical_altar_mp_highgroup,
          serial_shops, shop, shop, nicolae_shop_stone,
          nicolae_shop_behind_doors, minmay_misc_feat_iff, eino_tiny_chamber,
          minmay_divided_ellipse

Skill      XL: |  1  2 |
---------------+-------+-----
Long Blades    | 2 |  2.1
Armour         | 3 |  3.0
Fighting       | |  3.3
Dodging        | |  0.4
Shields        | |  2.9

Action                   || total
-------------------------++-------
Melee: Long sword        ||    69
  Use: Potion            ||     3
Armor: Scale mail        ||    56
Dodge: Dodged            ||    31
Block: Kite shield       ||    55
       Rpst.: Long sword ||    12

Table legend: (Time is in decaauts)
 A = Elapsed time spent in this place.
 B = Non-inter-level travel time spent in this place.
 C = Inter-level travel time spent in this place.
 D = Time resting spent in this place.
 E = Time spent auto-exploring this place.
 F = Levels seen in this place.
 G = Mean time per level.
                   A        B        C        D        E       F      G
               +--------+--------+--------+--------+--------+-----+--------+
         Total |   1093 |   1073 |     20 |      0 |    903 |   2 |  546.5 |
       Dungeon |   1093 |   1073 |     20 |      0 |    903 |   2 |  546.5 |
               +--------+--------+--------+--------+--------+-----+--------+

Top non-repeatable levels by time:
     D:1: 713 daAuts
     D:2: 380 daAuts
